 Dungeon Crawl Stone Soup version 0.25.0-15-gac7dcb8 (webtiles) character file.

Game seed: 11561616724266628695

3887 Morgon the Carver (level 10, -8/70 HPs)
             Began as a Vampire Gladiator on June 28, 2020.
             Was a Priest of Makhleb.
             Mangled by a troll (9 damage)
             ... on level 9 of the Dungeon.
             The game lasted 00:38:09 (9179 turns).

Morgon the Carver (Vampire Gladiator)               Turns: 9179, Time: 00:38:10

Health: -8/70      AC:  7    Str: 13    XL:     10   Next: 0%
Magic:  10/10      EV: 17    Int: 11    God:    Makhleb [***...]
Gold:   595        SH:  0    Dex: 19    Spells: 9/9 levels left

rFire    + . .     SeeInvis +   a - +0 long sword
rCold    . . .     Gourm    .   (no shield)
rNeg     . . .     Faith    .   m - +0 ring mail
rPois    .         Spirit   .   H - +0 helmet
rElec    .         Reflect  .   C - +0 cloak
rCorr    .         Harm     .   (no gloves)
MR       ++...                  (no boots)
Stlth    +.........             (no amulet)
HPRegen  0.41/turn              O - ring of protection from fire
MPRegen  0.12/turn              J - ring of protection from magic

@: regenerating quickly
A: no food, fangs 3, see invisible, unbreathing
a: Exsanguinate, Minor Destruction, Lesser Servant of Makhleb, Renounce Religion


You were on level 9 of the Dungeon.
You worshipped Makhleb.
Makhleb was most pleased with you.
You were alive.

You visited 2 branches of the dungeon, and saw 10 of its levels.

You collected 595 gold pieces.

Inventory:

Hand Weapons
 a - a +0 long sword (weapon)
 e - a +2 dagger of electrocution
 v - a +2 short sword of venom
Missiles
 n - 3 throwing nets (quivered)
 y - 49 poisoned darts
Armour
 b - a +0 leather armour
 h - a +0 helmet
 m - a +0 ring mail (worn)
 s - a +2 robe of cold resistance
 C - a +0 cloak (worn)
 H - a +0 helmet (worn)
 I - a +1 scale mail of fire resistance
 T - the +1 robe of Cubbet {-Tele Harm Dex+6 SInv, unknown}
   (You found it on level 8 of the Dungeon)

   It affects your dexterity (+6).
   It lets you see invisible.
   It prevents most forms of teleportation.
   It increases damage dealt and taken.
Jewellery
 D - an uncursed amulet of faith
 J - a ring of protection from magic (right hand)
 N - an uncursed ring of fire
 O - a ring of protection from fire (left hand)
 U - an uncursed ring of protection from cold
Wands
 d - a wand of acid (11)
 f - a wand of clouds (5)
 l - a wand of polymorph (6)
 p - a wand of iceblast (10)
 r - a wand of flame (14)
 P - a wand of enslavement (5)
Scrolls
 g - 8 scrolls of identify
 i - 5 scrolls of fog
 o - 7 scrolls of teleportation
 t - 2 scrolls of enchant armour {unknown}
 u - a scroll of immolation {unknown}
 B - a scroll of fear {unknown}
 E - 2 scrolls of enchant weapon {unknown}
 K - 2 scrolls of remove curse {unknown}
 L - 2 scrolls of blinking {unknown}
 R - a scroll of holy word {unknown}
Potions
 c - a potion of might {unknown}
 j - 4 potions of curing
 k - 3 potions of stabbing {unknown}
 q - a potion of lignification {unknown}
 w - a potion of haste
 x - a potion of berserk rage
 z - a potion of heal wounds {unknown}
 A - a potion of mutation {unknown}
 F - a potion of degeneration {unknown}
 G - a potion of resistance {unknown}
 M - a potion of cancellation {unknown}
 Q - a potion of magic {unknown}
 S - a potion of brilliance {unknown}


   Skills:
 - Level 3.0 Fighting
 + Level 11.8 Long Blades
 - Level 1.5 Throwing
 + Level 9.4 Dodging


You had 9 spell levels left.
You didn't know any spells.
Your spell library contained the following spells:

 Spells                   Type           Power        Failure   Level  Hunger
 Animate Skeleton         Necr           N/A          61%         1    N/A
 Apportation              Tloc           #.....       61%         1    N/A
 Corona                   Hex            #......      61%         1    N/A
 Freeze                   Ice            #...         61%         1    N/A
 Summon Small Mammal      Summ           #...         61%         1    N/A
 Ensorcelled Hibernation  Hex/Ice        #.....       75%         2    N/A
 Confusing Touch          Hex            #.......     93%         3    N/A
 Dazzling Flash           Conj/Hex       #.....       93%         3    N/A
 Frozen Ramparts          Ice            #.....       93%         3    N/A
 Gell's Gravitas          Tloc           #.........   93%         3    N/A
 Ozocubu's Armour         Chrm/Ice       #.......     93%         3    N/A
 Tukima's Dance           Hex            #.......     93%         3    N/A
 Hailstorm                Conj/Ice       #.......     100%        4    N/A
 Petrify                  Tmut/Erth      #.......     100%        4    N/A
 Summon Ice Beast         Ice/Summ       #.......     100%        4    N/A
 Metabolic Englaciation   Hex/Ice        #.........   100%        5    N/A
 Yara's Violent Unravell  Hex/Tmut       #.........   100%        5    N/A

Dungeon Overview and Level Annotations

Branches:
Dungeon (9/15)             Temple (1/1) D:4
   Lair: D:8-11         Orc: D:9-12

Altars:
Cheibriados
Dithmenos
Elyvilon
Gozag
Kikubaaqudgha
Makhleb
Nemelex Xobeh
Ru
Sif Muna
Trog
Uskayaw
Wu Jian
Xom
Yredelemnul
Zin
The Shining One

Shops:
D:5 [


Innate Abilities, Weirdness & Mutations

You do not eat.
Your natural rate of healing is unusually fast.
You have razor-sharp teeth.
You have supernaturally acute eyesight. (SInv)
You can survive without breathing.


Message History

You barely miss the troll.
The troll is lightly wounded.
The troll bites you! The troll claws you. The troll completely misses you.
You hit the troll. Lightning courses through the troll!
The troll is heavily wounded.
You barely miss the troll. Your bite misses the troll.
The troll is heavily wounded.
The troll misses you. The troll barely misses you. The troll misses you.
Your +2 dagger of electrocution stops crackling.
a - a +0 long sword (weapon)
You hit the troll but do no damage.
The troll is heavily wounded.
The troll bites you! The troll claws you!
* * * LOW HITPOINT WARNING * * *
The troll claws you!
* * * LOW HITPOINT WARNING * * *
You hit the troll but do no damage.
The troll is moderately wounded.
The troll bites you but does no damage. The troll claws you!
You die...

#####...######≈..# #..# ..#
#.# # ≈≈≈≈≈≈≈≈≈≈≈≈≈≈#..#
#..#...# #.# # #.........##..#
#..#...# #.# #
#.............###..#...###.###
#..................#........†.
#..........##.##.........<..##
#..........##.##......####..##
#..........##.##...##.# #..##
#......†...##@##...##.# #..##
#........T.##T##...##.# #..##
#..........##)##..)##<# #..##
#..........##)##...##.# #..##
#..........##)##...##.# ..#
#.............##......#
#######################


You could see a troll.

Vanquished Creatures
  Sigmund (D:3)
  Menkaure (D:7)
  Edmund (D:5)
  Duvessa (D:7)
  5 ice beasts
  6 sky beasts
  A black bear (D:7)
  2 phantoms
  A centaur (D:7)
  An ogre (D:4)
  A big kobold (D:7)
  A gnoll sergeant (D:8)
  4 bullfrogs
  Dowan (D:7)
  A wyvern skeleton (D:6)
  A scorpion (D:4)
  A howler monkey (D:5)
  A centaur zombie (D:8)
  4 crimson imps
  3 jellies
  Crazy Yiuf (D:4)
  3 orc priests
  7 hounds
  Ijyb (D:3)
  Jessica (D:3)
  5 iguanas
  6 orc wizards
  5 worker ants
  A killer bee zombie (D:9)
  A hound zombie (D:9)
  A howler monkey zombie (D:5)
  3 worker ant zombies
  3 gnolls (D:8)
  15 adders
  A shadow imp (D:6)
  3 oozes
  An adder skeleton (D:7)
  5 worms
  3 dart slugs
  11 leopard geckos
  30 orcs
  2 ball pythons (D:3)
  3 bats
  A giant cockroach (D:6)
  7 goblins
  5 hobgoblins
  5 jackals
  3 quokkas
  3 frilled lizards
  9 kobolds
  A quokka skeleton (D:6)
  7 rats
  A fungus (D:4)
  A withered plant (D:8)
193 creatures vanquished.

Notes
Turn   | Place    | Note
-------+----------+-------------------------------------------
     0 | D:1      | Morgon the Vampire Gladiator began the quest for the Orb.
     0 | D:1      | Reached XP level 1. HP: 16/16 MP: 1/1
   226 | D:1      | Reached XP level 2. HP: 22/22 MP: 2/2
   453 | D:1      | You fall into a shaft and drop 1 floor!
   655 | D:2      | Reached XP level 3. HP: 27/27 MP: 3/3
   749 | D:2      | Found an opulent altar of Gozag.
   789 | D:2      | Found a basalt altar of Yredelemnul.
  1089 | D:2      | Reached skill level 4 in Long Blades
  1089 | D:2      | Reached XP level 4. HP: 18/33 MP: 4/4
  1625 | D:3      | Noticed Ijyb
  1644 | D:3      | Killed Ijyb
  1644 | D:3      | Reached XP level 5. HP: 33/39 MP: 5/5
  1684 | D:3      | Noticed Sigmund
  1705 | D:3      | Killed Sigmund
  1705 | D:3      | Reached skill level 5 in Long Blades
  1705 | D:3      | Reached XP level 6. HP: 24/46 MP: 6/6
  2052 | D:3      | Noticed Jessica
  2058 | D:3      | Killed Jessica
  2177 | D:3      | Reached skill level 5 in Dodging
  2249 | D:3      | Reached skill level 6 in Long Blades
  2637 | D:4      | Reached XP level 7. HP: 43/52 MP: 7/7
  2975 | D:4      | Found a staircase to the Ecumenical Temple.
  2985 | Temple   | Entered the Ecumenical Temple
  3005 | Temple   | Became a worshipper of Makhleb the Destroyer
  3346 | D:4      | Found a runed translucent door.
  3347 | D:4      | Noticed Crazy Yiuf
  3360 | D:4      | Killed Crazy Yiuf
  3426 | D:5      | Entered Level 5 of the Dungeon
  3436 | D:5      | Found Qiofadob's Antique Armour Shoppe.
  3479 | D:5      | Reached skill level 7 in Long Blades
  3658 | D:5      | Noticed Edmund
  3701 | D:5      | Killed Edmund
  3921 | D:5      | Reached XP level 8. HP: 47/58 MP: 8/8
  4969 | D:6      | Reached * piety under Makhleb
  4973 | D:6      | Reached skill level 8 in Long Blades
  5792 | D:6      | Reached skill level 9 in Long Blades
  6086 | D:6      | Noticed a troll
  6087 | D:6      | Noticed a cyan ugly thing
  6311 | D:7      | Reached XP level 9. HP: 63/63 MP: 9/9
  6646 | D:7      | Reached ** piety under Makhleb
  6758 | D:7      | Noticed Menkaure
  6783 | D:7      | Killed Menkaure
  6783 | D:7      | Reached skill level 10 in Long Blades
  7161 | D:7      | Found a hide-covered altar of Uskayaw.
  7164 | D:7      | Noticed a +0 dagger
  7164 | D:7      | Noticed a +0 dagger
  7174 | D:7      | Noticed Dowan
  7175 | D:7      | Noticed Duvessa
  7194 | D:7      | Killed Duvessa
  7225 | D:7      | Killed Dowan
  7393 | D:8      | Got an ancient robe
  7522 | D:8      | Found an ancient bone altar of Kikubaaqudgha.
  7990 | D:8      | Reached skill level 11 in Long Blades
  8069 | D:8      | Found a shadowy altar of Dithmenos.
  8364 | D:8      | Found a faded altar of an unknown god.
  8364 | D:8      | Found a sparkling altar of Nemelex Xobeh.
  8369 | D:8      | Found a glowing silver altar of Zin.
  8371 | D:8      | Found a glowing golden altar of the Shining One.
  8373 | D:8      | Found a snail-covered altar of Cheibriados.
  8800 | D:9      | Noticed a troll
  8959 | D:9      | Reached *** piety under Makhleb
  9003 | D:9      | Reached XP level 10. HP: 70/70 MP: 10/10
  9178 | D:9      | HP: 1/70 [troll (12)]
  9179 | D:9      | Mangled by a troll

Illustrated notes

Levels and vault maps discovered:
D:1:      minmay_arrival_nine_rooms, layout_loops_ring
D:2:      layout_loops_corners, overflow_temple_1_default, lemuel_crystal_altar,
          first_ration, minmay_misc_feat_room, minivault_24, minmay_heptomino_w4
D:3:      layout_rooms, minivault_24, grunt_decor_cap, uniq_jessica, uniq_ijyb,
          uniq_sigmund
D:4:      layout_basic, minmay_temple_entry_glassed_door,
          uniq_crazy_yiuf_cottage
D:5:      layout_layer_cave, serial_shops, nicolae_shop_crystal, uniq_edmund
D:6:      kennysheep_windowed_halls, layout_loops_corners, dk_noncrumbling_4,
          chequers_avenue
D:7:      layout_rooms, dancing_weapons_uskayaw, uniq_menkaure, uniq_duvessa
D:8:      layout_basic, kiku_gazebo_garden_becter,
          chequers_temple_overflow_minitemple, basic_altar
D:9:      cheibrodos_ideogram_h, layout_long_grid
Temple:   eino_temple_water

Skill      XL: |  1  2  3  4  5  6  7  8  9 |
---------------+----------------------------+-----
Fighting       | 2 3 |  3.0
Dodging        | 4 5 6 8 9 |  9.4
Long Blades    | 4 5 6 7 9 11 | 11.8
Throwing       | |  1.5

Action                   |  1- 3 |  4- 6 |  7- 9 | 10-12 || total
-------------------------+-------+-------+-------+-------++-------
Melee: Long sword        |    75 |    54 |   469 |     5 ||   603
       Bite              |     7 |    15 |    96 |     5 ||   123
       Short sword       |       |    72 |   182 |       ||   254
       Dagger            |       |       |    18 |    21 ||    39
  Use: Potion            |       |     1 |     2 |       ||     3
       Scroll            |       |       |     5 |       ||     5
Armor: Leather armour    |    18 |    12 |       |       ||    30
       Ring mail         |       |    13 |   129 |     4 ||   146
Dodge: Dodged            |    57 |    68 |   408 |    25 ||   558
       Rpst.: Long sword |    22 |    10 |    91 |       ||   123
